 Dungeon Crawl Stone Soup version 0.31.0-32-g396128a36d (webtiles) character file.

Game seed: 5008556417133377451

81354 Honninscrave the Earth Mage (level 15, -7/92 HPs)
             Began as a Gargoyle Earth Elementalist on Apr 1, 2024.
             Was the Champion of Makhleb.
             Mangled by Agnes
             ... wielding a +5 spectral lajatang
              (12 damage)
             ... on level 14 of the Dungeon.
             The game lasted 01:18:29 (33850 turns).

Honninscrave the Earth Mage (GrEE)                 Turns: 33850, Time: 01:18:30

Health: -7/92      AC: 29    Str: 12    XL:     15   Next: 70%
Magic:  25/33      EV: 11    Int: 23    God:    Makhleb [******]
Gold:   614        SH:  0    Dex: 10    Spells: 8/26 levels left

rFire   . . .        E - +7 dagger (protect)
rCold   . . .        (no shield)
rNeg    + . .        O - +3 troll leather armour {Snorg}
rPois   ∞            x - +1 hat
rElec   +            n - +2 cloak
rCorr   .            h - +0 pair of gloves
SInv    .            P - +1 pair of boots
Will    +....        k - amulet of faith {!P}
Stlth   ++++         M - ring of magical power
HPRegen 1.15/turn    T - +4 ring of protection
MPRegen 0.23/turn

%: faith
@: about to teleport, flying, studying Alchemy
A: sickness immunity, AC +11, big wings, negative energy resistance 1,
electricity resistance, torment resistance 1, petrification resistance
a: Renounce Religion, Minor Destruction, Lesser Servant of Makhleb, Major
Destruction, Greater Servant of Makhleb


You were on level 14 of the Dungeon.
You worshipped Makhleb.
Makhleb was exalted by your worship.
You visited 3 branches of the dungeon, and saw 20 of its levels.
You also visited: Sewer.

You collected 1505 gold pieces.
You spent 891 gold pieces at shops.


Innate Abilities, Weirdness & Mutations

You are immune to sickness and miasma.
Your stone body is resilient. (AC +11)
You are immune to poison.
Your large and strong wings let you fly.
You resist negative energy. (rN+)
You are resistant to electric shocks. (rElec)
You are resistant to unholy torment.
You are immune to petrification.


   Skills:
 - Level 10.0 Fighting
 - Level 6.0 Short Blades
 - Level 4.0 Armour
 - Level 2.0 Dodging
 - Level 12.0 Stealth
 - Level 6.0 Spellcasting
 - Level 4.0 Conjurations
 + Level 4.4 Hexes
 - Level 9.0 Summonings
 - Level 16.0 Earth Magic
 + Level 10.0 Alchemy
 - Level 7.0 Invocations
 - Level 6.0 Evocations


You had 8 spell levels left.
You knew the following spells:

 Your Spells              Type           Power      Damage    Failure   Level
l - Lee's Rapid Deconstr  Erth           34%        3d17*     1%          5
p - Petrify               Alch/Erth      61%        N/A       1%          4
v - Summon Mana Viper     Hex/Summ       37%        N/A       19%         5
w - Stone Arrow           Conj/Erth      100%       3d13      1%          3
z - Sandblast             Erth           100%       2d20      0%          1

Your spell library contained the following spells:

 Spells                   Type           Power      Damage    Failure   Level
 Magic Dart               Conj           100%       1d8       1%          1
 Call Imp                 Summ           96%        N/A       1%          2
 Passwall                 Erth           69%        N/A       1%          3
 Animate Armour           Summ/Erth      100%       N/A       1%          4
 Brom's Barrelling Bould  Conj/Erth      52%        2d7       1%          4
 Jinxbite                 Hex            54%        N/A       2%          2
 Kiss of Death            Conj/Necr      64%        2d10      4%          1
 Mephitic Cloud           Conj/Alch/Air  28%        N/A       4%          3
 Alistair's Intoxication  Alch           34%        N/A       4%          5
 Confusing Touch          Hex            27%        N/A       5%          3
 Dazzling Flash           Conj/Hex       52%        N/A       6%          3
 Apportation              Tloc           12%        N/A       11%         1
 Necrotise                Necr           24%        1d5       11%         1
 Blink                    Tloc           12%        N/A       16%         2
 Yara's Violent Unravell  Hex/Alch       20%        3d9       16%         5
 Martyr's Knell           Necr/Summ      27%        N/A       17%         4
 Summon Blazeheart Golem  Fire/Summ      27%        N/A       17%         4
 Summon Lightning Spire   Summ/Air       27%        N/A       17%         4
 Vampiric Draining        Necr           6%         2d6       32%         3
 Summon Cactus Giant      Summ           24%        N/A       38%         6
 Summon Forest            Summ/Tloc      13%        N/A       43%         5
 Dispel Undead            Necr           6%         3d8       71%         4
 Silence                  Hex/Air        8%         N/A       77%         5
 Curse of Agony           Necr           6%         N/A       96%         5
 Spellforged Servitor     Conj/Summ      18%        N/A       99%         7
 Enfeeble                 Hex            13%        N/A       100%        7
 Orb of Destruction       Conj           12%        9d7       100%        7

Inventory:

Hand Weapons
 E - a +7 dagger of protection (weapon)
Missiles
 l - 6 javelins
 I - 49 poisoned darts (quivered)
Armour
 h - a +0 pair of gloves (worn)
 n - a +2 cloak (worn)
 x - a +1 hat (worn)
 O - a +3 troll leather armour (worn) {Snorg}
 P - a +1 pair of boots (worn)
Jewellery
 k - an amulet of faith (around neck) {!P}
 F - a ring of protection from fire
 M - a ring of magical power (left hand)
 R - a ring of resist corrosion
 S - a +6 ring of strength
 T - a +4 ring of protection (right hand)
 W - a ring of willpower
Wands
 r - a wand of flame (15)
 u - a wand of roots (10)
 y - a wand of charming (24)
 C - a wand of polymorph (4)
 D - a wand of digging (8)
 K - a wand of mindburst (16)
 L - a wand of quicksilver (20)
Scrolls
 e - 4 scrolls of identify {@r1}
 f - a scroll of brand weapon
 g - 2 scrolls of immolation
 j - 5 scrolls of revelation
 s - 2 scrolls of fear
 t - 5 scrolls of teleportation {@r2}
 z - 3 scrolls of fog
 A - 3 scrolls of enchant armour
 B - 4 scrolls of amnesia
 G - a scroll of torment
Potions
 a - 4 potions of enlightenment
 b - a potion of magic
 c - 7 potions of curing {@q1}
 d - 2 potions of haste {@q3}
 i - 4 potions of might
 m - 8 potions of mutation
 o - 2 potions of attraction
 p - 2 potions of ambrosia
 q - 7 potions of heal wounds {@q2}
 v - 8 potions of berserk rage {!q}
 J - 3 potions of cancellation
 N - 3 potions of resistance

Dungeon Overview and Level Annotations

Branches:
Dungeon (15/15)            Temple (1/1) D:7            Lair (5/5) D:11
  Swamp (0/4) Lair:2       Spider (0/4) Lair:2        Slime (0/5) Lair:5
    Orc (0/2) D:12         Depths (0/4) D:15          Sewer (visited)
 Vaults: D:13-14

Altars:
Ashenzari
Cheibriados
Dithmenos
Elyvilon
Fedhas
Gozag
Hepliaklqana
Kikubaaqudgha
Makhleb
Nemelex Xobeh
Okawaru
Qazlal
Ru
Sif Muna
Trog
Uskayaw
Vehumet
Wu Jian
Xom
Yredelemnul
Zin
The Shining One
Jiyva
Lugonu

Shops:
D:4 *   D:5 !=   D:6 ?   D:12 *

Portals:
Abyss: Lair:5

Annotations:
D:10 exclusions: electric eel and 4 more exclusions, Erica
D:14 Agnes

▓.)▓ #...# ▓§§▓
▓#...# ▓§§▓ ▓....#
▓§§▓ ▓#c#.###
▓▓▓▓▓§.▓▓▓▓ ▓▓.......
#§§§§§....# #.#......
#§§§§##.#.###....)...
#§§§§####§§§.........
#§§§@i§§§§§§.....>...
#§§§§{###########....
#§§§§§#........##..P.
#§§§§§#.######.#..P..
#§§§§§#.# #....P..
#####§#.# #...P.▒.
#§#.######....▒▒.
#§#......)....P▒.
#.########.#.....


You could see Agnes and a +5 spectral lajatang.


Message History

Okay, then.
Aiming: Quicksilver Bolt
Press: ? - help, Shift-Dir - straight line, f/p - Agnes
Aim: Agnes, wielding a +5 spectral lajatang and wearing a +0 robe (lightly wounded, 42% to hit)
The bolt of dispelling energy hits Agnes!!
Agnes is moderately wounded.
Agnes hits you with a +5 spectral lajatang!!
The +5 spectral lajatang hits you.
Agnes hits you with a +5 spectral lajatang!!
* * * LOW HITPOINT WARNING * * *
The +5 spectral lajatang hits you but does no damage.
As you read the scroll of fear, it crumbles to dust.
You assume a fearsome visage.
The +5 spectral lajatang is unaffected.
Agnes resists with some effort.
Agnes barely misses you.
The +5 spectral lajatang hits you but does no damage.
Agnes completely misses you.
The +5 spectral lajatang hits you but does no damage.
As you read the scroll of teleportation {@r2}, it crumbles to dust.
You feel strangely unstable.
Agnes hits you with a +5 spectral lajatang!
* * * LOW HITPOINT WARNING * * *
The +5 spectral lajatang hits you but does no damage.
Agnes barely misses you. The +5 spectral lajatang hits you.
* * * LOW HITPOINT WARNING * * *
Okay, then.
The air fills with toxic fumes!
As you read the scroll of poison, it crumbles to dust.
Agnes hits you with a +5 spectral lajatang!
You die...
Agnes says, "May you follow the Path of Peace in your next life."

Skill      XL: |  1  2  3  4  5  6  7  8  9 10 11 12 13 14 15 |
---------------+----------------------------------------------+-----
Fighting       | 1 2 3 5 10 | 10.0
Earth Magic    | 4 5 6 7 8 10 12 14 16 | 16.0
Conjurations   | 3 4 |  4.0
Alchemy        | 3 4 5 6 8 10 | 10.0
Stealth        | 3 6 11 12 | 12.0
Armour         | 3 4 |  4.0
Spellcasting   | 3 4 5 6 |  6.0
Dodging        | 2 |  2.0
Invocations    | 4 5 6 7 |  7.0
Evocations     | 4 5 6 |  6.0
Short Blades   | 2 5 6 |  6.0
Summonings     | 6 9 |  9.0
Hexes          | 4 |  4.4

Action                     |  1- 3 |  4- 6 |  7- 9 | 10-12 | 13-15 || total
---------------------------+-------+-------+-------+-------+-------++-------
  Melee: Unarmed           |    32 |       |       |       |       ||    32
         Dagger            |   158 |   173 |   416 |   494 |  1861 ||  3102
         Punch             |     3 |     4 |     4 |    10 |    37 ||    58
  Throw: Dart              |       |       |       |     1 |       ||     1
   Cast: Sandblast         |    15 |    16 |     2 |       |       ||    33
         Stone Arrow       |       |     9 |   106 |   248 |   251 ||   614
         Petrify           |       |       |       |    16 |   142 ||   158
 Invoke: Lesser Servant of |       |       |       |       |     1 ||     1
         Greater Servant o |       |       |       |       |     1 ||     1
  Evoke: Wand              |       |       |       |     9 |     6 ||    15
    Use: Scroll            |       |       |    13 |    14 |    14 ||    41
         Potion            |       |       |       |     1 |     1 ||     2
   Stab: Sleeping          |     4 |     3 |     2 |     1 |    12 ||    22
         Held in net/web   |       |       |     1 |       |       ||     1
         Petrified         |       |       |       |    22 |   113 ||   135
         Petrifying        |       |       |       |     1 |    53 ||    54
         Distracted        |       |       |       |       |     1 ||     1
 Armour: Robe              |   140 |   108 |   116 |       |       ||   364
         Leather armour    |       |       |   215 |   218 |       ||   433
         Troll leather arm |       |       |       |   346 |  1752 ||  2098
  Dodge: Dodged            |   150 |   116 |   229 |   486 |  1021 ||  2002

Levels and vault maps discovered:
D:1:      dpeg_arrival_more_subterranean_lakeside_camping, layout_loops_corners
D:2:      layout_basic, uniq_natasha, uniq_terence
D:3:      layout_basic, old_standard_altar, nicolae_underground_beach
D:4:      old_forge, layout_loops_ring, ebering_ghost_sewer_d,
          nicolae_shop_overcharged_wands, uniq_duvessa, uniq_menkaure
D:5:      layout_loops_cross, mainiacjoe_overflow_cross_hatched,
          gup_sewer_entry_glass, gammafunk_ghost_split, serial_shops, shop,
          shop, nicolae_sextant, uniq_prince_ribbit1, uniq_eustachio
D:6:      layout_gridville, led_xom_imps, serial_shops, shop_fountains,
          uniq_sigmund
D:7:      layout_rooms, slow_altar_2, minmay_temple_entry_mini_moons,
          hangedman_decor_lopped
D:8:      layout_loops_ring
D:9:      layout_basic, mainiacjoe_overflow_chevrons, lemuel_round_altar
D:10:     layout_basic, trog_three_pillars_becter,
          grunt_temple_overflow_diamond, serial_ice, serial_ice_g, serial_ice_j,
          serial_ice_e, serial_ice_c, serial_ice_f, nicolae_lava_and_water,
          hangedman_decor_growths, minmay_misc_feat_diagonals, uniq_snorg,
          uniq_erica
D:11:     layout_cave_pods, grunt_lair_entry_orc_guard_hut,
          okawaru_ov_weapons_minmay
D:12:     layout_long_grid, minmay_orc_entry_guard_dogs, serial_shops,
          nicolae_shop_back_alley_shop, chequers_decorated_corner,
          serial_bayou_ford_a
D:14:     layout_basic, hangedman_vaults_entry_quadrant_bands, serial_shops,
          shop, kiku_gazebo_garden_becter, uniq_louise, uniq_jorgrun, uniq_agnes
D:15:     grunt_enter_depths_hoard, layout_grid_maze, minmay_misc_feat_encased,
          uniq_rupert
Temple:   hellmonk_temple_forest_ring
Lair:1:   layout_gridlike, st_stairs_9, uniq_jeremiah, uniq_gastronok
Lair:2:   layout_small_grid, mainiacjoe_swamp_entry_angry_trees,
          nicolae_spider_entry_lesser_pyramids, nicolae_lair_lil_pond,
          grunt_megastairs_1, infiniplex_staircase_pool, lemuel_fruit_tree
Lair:3:   nzn_winding_woodlands_large [nzn_winding_woodlands_hourglass,
          nzn_winding_woodlands_5x15_split_checker,
          nzn_winding_woodlands_5x5_cross, nzn_winding_woodlands_center_lodge,
          nzn_winding_woodlands_15x15_killbox,
          nzn_winding_woodlands_center_triple_pond,
          nzn_winding_woodlands_5x5_perimeter, nzn_winding_woodlands_5x15_cabin,
          nzn_winding_woodlands_5x5_three], layout_gridlike, serial_bayou,
          serial_bayou_shore_a, serial_bayou_lagoon_a, serial_bayou_crossing,
          serial_bayou_shore_b
Lair:4:   layout_roguey, minmay_lair_drake_nest, grunt_megastairs_3
Lair:5:   hellmonk_lair_end_abyssal_woods, layout_cave_pods,
          nicolae_slime_entry_field_trip, grunt_forest_large_clearings

Notes
Turn   | Place    | Note
-------+----------+-------------------------------------------
     0 | D:1      | Honninscrave the Gargoyle Earth Elementalist began the
                  | quest for the Orb.
     0 | D:1      | Reached XP level 1. HP: 10/10 MP: 3/3
    82 | D:1      | Reached skill level 1 in Fighting
   126 | D:1      | Reached XP level 2. HP: 17/17 MP: 1/5
   198 | D:1      | Reached skill level 2 in Fighting
   373 | D:1      | Reached skill level 4 in Earth Magic
   617 | D:1      | Reached XP level 3. HP: 15/21 MP: 6/6
   943 | D:1      | Learned a level 3 spell: Stone Arrow
  1831 | D:2      | Reached XP level 4. HP: 15/26 MP: 7/7
  1836 | D:2      | Reached skill level 2 in Conjurations
  1908 | D:2      | Reached skill level 5 in Earth Magic
  2063 | D:2      | Noticed Natasha
  2067 | D:2      | Killed Natasha
  2068 | D:2      | Reached skill level 3 in Conjurations
  2078 | D:2      | Noticed Natasha
  2087 | D:2      | Killed Natasha
  2088 | D:2      | Reached XP level 5. HP: 30/30 MP: 8/8
  2172 | D:2      | Noticed Natasha
  2187 | D:2      | Killed Natasha
  2188 | D:2      | Reached skill level 4 in Conjurations
  2506 | D:2      | Noticed Terence
  2509 | D:2      | Killed Terence
  3258 | D:3      | Found a white marble altar of Elyvilon.
  3370 | D:3      | Reached skill level 6 in Earth Magic
  3370 | D:3      | Reached XP level 6. HP: 35/35 MP: 9/9
  3478 | D:4      | Found a runed translucent door.
  3556 | D:4      | Noticed Menkaure
  3560 | D:4      | Killed Menkaure
  3561 | D:4      | Reached skill level 7 in Earth Magic
  3661 | D:4      | Found Zeittyz's Overcharged Wands.
  3746 | D:4      | Reached skill level 3 in Fighting
  3747 | D:4      | Reached XP level 7. HP: 34/41 MP: 7/10
  3970 | D:4      | Learned a level 4 spell: Petrify
  4224 | D:4      | Noticed mparten's ghost (amateur VSDe)
  4342 | D:4      | Noticed Duvessa
  4348 | D:4      | Killed Duvessa
  4349 | D:4      | Reached skill level 8 in Earth Magic
  4349 | D:4      | Reached skill level 1 in Alchemy
  4349 | D:4      | Noticed Dowan
  4352 | D:4      | Killed Dowan
  4353 | D:4      | Reached skill level 2 in Alchemy
  4615 | D:4      | Reached skill level 3 in Alchemy
  4792 | D:4      | Found the +11 Singing Sword {sonic wave}
  4946 | D:5      | Entered Level 5 of the Dungeon
  5013 | D:5      | Reached XP level 8. HP: 46/46 MP: 11/11
  5075 | D:5      | Found Tacoj's Distillery.
  5083 | D:5      | Bought a potion of ambrosia for 96 gold pieces
  5083 | D:5      | Bought a potion of heal wounds for 60 gold pieces
  5083 | D:5      | Bought a potion of attraction for 36 gold pieces
  5083 | D:5      | Bought a potion of berserk rage for 60 gold pieces
  5095 | D:5      | Found a runed translucent gate.
  5101 | D:5      | Found a runed translucent gate.
  5101 | D:5      | Found a runed translucent gate.
  5104 | D:5      | Found Yrog Uci's Jewellery Boutique.
  5105 | D:5      | Noticed bigdog255's ghost (novice SpSu)
  5114 | D:5      | Noticed Eustachio
  5156 | D:4      | Reached skill level 3 in Stealth
  5218 | D:5      | Killed Eustachio
  5279 | D:5      | Reached skill level 1 in Armour
  5391 | D:5      | Found a stormy altar of Qazlal.
  5395 | D:5      | Found a glowing drain.
  5408 | Sewer    | Entered a sewer
  5671 | Sewer    | Reached skill level 2 in Armour
  5671 | Sewer    | Reached skill level 9 in Earth Magic
  5671 | Sewer    | Reached skill level 4 in Alchemy
  5979 | D:5      | Reached skill level 3 in Armour
  6509 | D:5      | Noticed Prince Ribbit
  6511 | D:5      | Killed Prince Ribbit
  6512 | D:5      | Reached skill level 10 in Earth Magic
  6512 | D:5      | Reached skill level 3 in Spellcasting
  6512 | D:5      | Reached XP level 9. HP: 50/50 MP: 13/13
  6759 | D:6      | Found a shimmering altar of Xom.
  6767 | D:6      | Reached skill level 4 in Spellcasting
  7210 | D:6      | Found Jeol's Magic Scroll Shoppe.
  7217 | D:6      | Bought a scroll of identify for 30 gold pieces
  7217 | D:6      | Bought a scroll of amnesia for 60 gold pieces
  7217 | D:6      | Bought a scroll of teleportation for 45 gold pieces
  7260 | D:6      | Noticed Sigmund
  7283 | D:6      | Killed Sigmund
  7590 | D:6      | Reached skill level 11 in Earth Magic
  8471 | D:7      | Found a staircase to the Ecumenical Temple.
  8492 | Temple   | Entered the Ecumenical Temple
  8522 | Temple   | Became a worshipper of Makhleb the Destroyer
  8551 | D:7      | Reached skill level 12 in Earth Magic
  8799 | D:7      | Found a snail-covered altar of Cheibriados.
  9184 | D:8      | Reached skill level 4 in Fighting
  9250 | D:8      | Noticed a two-headed ogre
  9255 | D:8      | Killed a two-headed ogre
  9256 | D:8      | Reached skill level 5 in Fighting
  9256 | D:8      | Reached skill level 2 in Dodging
  9256 | D:8      | Reached skill level 4 in Invocations
  9256 | D:8      | Reached XP level 10. HP: 59/59 MP: 15/16
  9638 | D:9      | Reached skill level 5 in Invocations
  9857 | D:9      | Found a sacrificial altar of Ru.
 10026 | D:9      | Found a basalt altar of Yredelemnul.
 10192 | D:9      | Reached skill level 13 in Earth Magic
 10458 | D:9      | Reached * piety under Makhleb
 10897 | D:9      | Reached skill level 1 in Evocations
 10903 | D:9      | Reached skill level 2 in Evocations
 10907 | D:9      | Reached skill level 14 in Earth Magic
 10910 | D:9      | Reached skill level 3 in Evocations
 11161 | D:10     | Entered Level 10 of the Dungeon
 11511 | D:10     | Found a bloodstained altar of Trog.
 11601 | D:10     | Reached skill level 4 in Evocations
 11601 | D:10     | Reached XP level 11. HP: 54/63 MP: 13/17
 11642 | D:10     | Reached skill level 5 in Evocations
 11971 | D:10     | Noticed Snorg
 12017 | D:10     | Killed Snorg
 12018 | D:10     | Reached skill level 6 in Fighting
 12058 | D:10     | Reached skill level 5 in Spellcasting
 12134 | D:10     | Noticed Erica
 12604 | D:10     | Reached skill level 4 in Armour
 12925 | D:10     | Found a radiant altar of Vehumet.
 12929 | D:10     | Found a shimmering blue altar of Sif Muna.
 12933 | D:10     | Found a hazy altar of Hepliaklqana.
 13136 | D:10     | Noticed a two-headed ogre
 13144 | D:10     | Killed a two-headed ogre
 13145 | D:10     | Reached skill level 6 in Invocations
 13684 | D:11     | Reached skill level 7 in Fighting
 14148 | D:11     | Found an iron altar of Okawaru.
 14150 | D:11     | Noticed a cyclops
 14334 | D:11     | Reached ** piety under Makhleb
 14335 | D:11     | Reached skill level 8 in Fighting
 14486 | D:11     | Noticed a manticore
 14492 | D:11     | Killed a manticore
 14515 | D:11     | Killed a cyclops
 14516 | D:11     | Reached skill level 9 in Fighting
 14641 | D:11     | Noticed a manticore
 14646 | D:11     | Killed a manticore
 14850 | D:11     | Found a staircase to the Lair.
 15288 | Lair:1   | Entered Level 1 of the Lair of Beasts
 15326 | Lair:1   | Reached skill level 10 in Fighting
 15326 | Lair:1   | Reached XP level 12. HP: 77/77 MP: 18/19
 15523 | Lair:1   | Noticed Gastronok
 15535 | Lair:1   | Killed Gastronok
 15835 | Lair:1   | Reached skill level 15 in Earth Magic
 16061 | Lair:1   | Noticed Jeremiah
 16069 | Lair:1   | Killed Jeremiah
 16743 | D:11     | Reached skill level 16 in Earth Magic
 17429 | Lair:2   | Reached skill level 5 in Alchemy
 17477 | Lair:2   | Noticed a seven-headed hydra
 17685 | Lair:2   | Reached skill level 4 in Stealth
 17735 | Lair:2   | Found a hole to the Spider Nest.
 17755 | Lair:2   | Reached skill level 5 in Stealth
 17875 | Lair:2   | Noticed a five-headed hydra
 17975 | Lair:2   | Identified a potion of resistance
 18038 | Lair:2   | Killed a five-headed hydra
 18039 | Lair:2   | Reached skill level 6 in Stealth
 18170 | Lair:2   | Reached *** piety under Makhleb
 18252 | Lair:2   | Reached skill level 1 in Short Blades
 18650 | Lair:2   | Killed a seven-headed hydra
 18651 | Lair:2   | Reached skill level 2 in Short Blades
 18651 | Lair:2   | Reached XP level 13. HP: 82/82 MP: 20/20
 18726 | Lair:2   | Reached skill level 7 in Stealth
 18726 | Lair:2   | Reached skill level 6 in Alchemy
 18797 | Lair:2   | Found a staircase to the Swamp.
 18922 | Lair:3   | Reached skill level 3 in Short Blades
 19715 | Lair:3   | Reached **** piety under Makhleb
 19744 | Lair:3   | Noticed a dire elephant
 19907 | Lair:3   | Reached skill level 8 in Stealth
 20132 | Lair:3   | Killed a dire elephant
 20133 | Lair:3   | Reached skill level 4 in Short Blades
 20820 | Lair:3   | Reached skill level 7 in Invocations
 20881 | Lair:3   | HP: 7/82 [komodo dragon (16)]
 21072 | Lair:3   | Reached skill level 6 in Evocations
 21444 | Lair:3   | Reached skill level 9 in Stealth
 21575 | Lair:3   | Reached skill level 5 in Short Blades
 21772 | Lair:3   | HP: 5/82 [cane toad (14)]
 21775 | Lair:3   | Reached skill level 10 in Stealth
 21928 | Lair:3   | Identified the +0 plate armour "Kecikekh" {Harm rPois Dex-4
                  | SInv}
 22387 | Lair:3   | Learned a level 5 spell: Lee's Rapid Deconstruction
 22461 | Lair:4   | Reached skill level 11 in Stealth
 22858 | Lair:3   | Gained mutation: Your large and strong wings let you fly.
                  | [Gargoyle growth]
 22858 | Lair:3   | Reached XP level 14. HP: 88/88 MP: 21/21
 22970 | Lair:3   | Reached skill level 12 in Stealth
 23413 | Lair:4   | Identified the +6 sling of Xixtebri {heavy, Str+5}
 23635 | Lair:4   | Reached skill level 6 in Short Blades
 23962 | Lair:4   | Learned a level 5 spell: Summon Mana Viper
 24083 | Lair:4   | Reached skill level 1 in Summonings
 24779 | D:5      | Bought a +4 ring of protection for 504 gold pieces
 24928 | D:5      | Killed bigdog255's ghost
 24932 | D:5      | Reached skill level 6 in Spellcasting
 25164 | D:4      | Killed mparten's ghost
 25642 | Lair:5   | Entered Level 5 of the Lair of Beasts
 25804 | Lair:5   | Reached skill level 2 in Summonings
 26282 | Lair:5   | Found a staircase to the Slime Pits.
 26308 | Lair:5   | Reached skill level 3 in Summonings
 26377 | Lair:5   | Reached ***** piety under Makhleb
 26456 | Lair:5   | Reached skill level 7 in Alchemy
 26767 | Lair:5   | Reached skill level 4 in Summonings
 27453 | Lair:5   | Reached skill level 5 in Summonings
 27661 | Lair:5   | Reached skill level 8 in Alchemy
 27914 | Lair:5   | Reached skill level 6 in Summonings
 28281 | Lair:5   | Reached XP level 15. HP: 92/92 MP: 24/24
 28330 | Lair:5   | Reached skill level 7 in Summonings
 28695 | Lair:5   | HP: 2/92 [komodo dragon (21)]
 28891 | Lair:5   | Found a viscous altar of Jiyva.
 29169 | Lair:5   | Reached skill level 8 in Summonings
 29531 | Lair:5   | Reached ****** piety under Makhleb
 29579 | Lair:5   | Reached skill level 1 in Hexes
 29668 | Lair:5   | Found a corrupted altar of Lugonu.
 29668 | Lair:5   | Found a one-way gate to the infinite horrors of the Abyss.
 30377 | D:12     | Found Dayliusu's Assorted Antiques.
 30791 | D:12     | Reached skill level 2 in Hexes
 31295 | D:12     | Found a staircase to the Orcish Mines.
 31379 | D:12     | You are sucked into a shaft and drop 2 floors!
 31400 | D:14     | Noticed Agnes
 31407 | D:15     | Entered Level 15 of the Dungeon
 32004 | D:15     | Reached skill level 9 in Alchemy
 32279 | D:15     | Reached skill level 3 in Hexes
 32695 | D:15     | Noticed Rupert
 32709 | D:15     | Killed Rupert
 32710 | D:15     | Reached skill level 9 in Summonings
 32799 | D:15     | Found a staircase to the Depths.
 32939 | D:14     | Found an ancient bone altar of Kikubaaqudgha.
 32951 | D:14     | Reached skill level 4 in Hexes
 33259 | D:14     | Noticed Louise
 33272 | D:14     | Killed Louise
 33273 | D:14     | Reached skill level 10 in Alchemy
 33549 | D:14     | HP: 2/92 [Agnes/+5 spectral lajatang (10)]
 33849 | D:14     | HP: 9/92 [Agnes/+5 spectral lajatang (14)]
 33849 | D:14     | HP: 4/92 [+5 spectral lajatang[Agnes] (5)]
 33850 | D:14     | Mangled by Agnes

Vanquished Creatures
  Rupert (D:15)
  Gastronok (Lair:1)
  Louise (D:14)
  A dire elephant (Lair:3)
  Snorg (D:10)
  2 fire dragons (D:15)
  10 hydras
  2 catoblepae (Lair:5)
  2 centaur warriors (D:15)
  A tengu warrior (D:14)
  3 two-headed ogres
  3 thrashing horrors (Lair:5)
  3 skeletal warriors (D:12)
  A fire crab (Lair:3)
  4 skysharks
  A pharaoh ant (Lair:2)
  2 spriggan druids (Lair:2)
  A lindwurm (Lair:5)
  3 large abominations (Lair:5)
  3 cyclopes
  7 ugly things
  3 manticores
  10 elephants
  2 smoke demons (Lair:5)
  10 black mambas
  A torpor snail (Lair:5)
  14 cane toads
  2 unseen horrors
  A kobold demonologist (D:12)
  A freezing wraith (D:14)
  Jeremiah (Lair:1)
  A tengu conjurer (D:15)
  9 rime drakes
  12 komodo dragons
  3 trolls
  6 polar bears
  The ghost of bigdog255 the Shield-Bearer, a novice SpSu of Gozag (D:5)
  A hornet (D:11)
  5 dream sheep
  2 raiju (Lair:5)
  Prince Ribbit (D:5)
  29 blink frogs
  Sigmund (D:6)
  A centaur simulacrum (D:14)
  A shadow (D:10)
  A spriggan (Lair:5)
  3 wraiths
  A ynoxinul (Lair:5)
  58 yaks
  4 wyverns
  Eustachio (D:5)
  3 basilisks
  A warg (D:12)
  Menkaure (D:4)
  A redback (Lair:2)
  4 chaos spawn (Lair:5)
  13 small abominations (Lair:5)
  2 acid dragons
  The ghost of mparten the Sneak, an amateur VSDe (D:4)
  15 water moccasins
  Duvessa (D:4)
  A black bear (D:6)
  5 ice beasts
  A crocodile (Sewer)
  15 wolves
  12 centaurs
  A phantom (D:5)
  4 kobold brigands (D:12)
  A brain worm (Sewer)
  20 bullfrogs
  A gnoll sergeant (D:11)
  16 scorpions
  Dowan (D:4)
  11 electric eels
  5 howler monkeys
  4 crimson imps (D:6)
  A gnoll bouda (D:7)
  4 jellies
  2 bombardier beetles
  3 hounds
  3 iguanas
  Terence (D:2)
  Natasha (thrice) (D:2)
  2 orc wizards (D:6)
  13 gnolls
  16 adders
  A shadow imp (D:8)
  5 white imps
  7 ufetubi
  4 dart slugs
  A ribbon worm (D:7)
  8 orcs
  6 ball pythons
  6 endoplasms
  3 giant cockroaches
  7 hobgoblins
  4 jackals (D:1)
  10 kobolds
  3 quokkas
  13 bats
  3 frilled lizards
  10 goblins
  3 rats
521 creatures vanquished.

Vanquished Creatures (collateral kills)
  A death yak (Lair:3)
  A skeletal warrior (D:12)
2 creatures vanquished.

Grand Total: 523 creatures vanquished

Table legend: (Time is in decaauts)
 A = Elapsed time spent in this place.
 B = Non-inter-level travel time spent in this place.
 C = Inter-level travel time spent in this place.
 D = Time resting spent in this place.
 E = Time spent auto-exploring this place.
 F = Levels seen in this place.
 G = Mean time per level.
                   A        B        C        D        E       F      G
               +--------+--------+--------+--------+--------+-----+--------+
         Total |  33474 |  32104 |   1370 |  10925 |  14812 |  21 | 1594.0 |
       Dungeon |  19859 |  18961 |    898 |   5683 |  10059 |  14 | 1418.5 |
        Temple |     38 |     19 |     19 |      0 |      8 |   1 |   38.0 |
          Lair |  13192 |  12740 |    452 |   5068 |   4602 |   5 | 2638.4 |
         Sewer |    383 |    383 |      0 |    174 |    143 |   1 |  383.0 |
               +--------+--------+--------+--------+--------+-----+--------+

Top non-repeatable levels by time:
  Lair:3: 4142 daAuts
  Lair:5: 3980 daAuts
    D:11: 2331 daAuts
    D:10: 2073 daAuts
     D:9: 1885 daAuts
  Lair:2: 1859 daAuts
     D:4: 1804 daAuts
     D:5: 1697 daAuts
  Lair:4: 1680 daAuts
  Lair:1: 1529 daAuts
    D:15: 1512 daAuts
     D:1: 1489 daAuts
     D:6: 1356 daAuts
    D:12: 1189 daAuts
     D:2: 1187 daAuts

Table legend:
 A = Non-vault XP
 B = Vault XP
 C = Vault XP percentage of total XP
 D = Non-vault monster count
 E = Vault monster count
 F = Vault count percentage of total count
                 A         B        C        D         E       F
            +---------+---------+-------+---------+---------+-------
      Total |   65984 |   50237 |  43.2 |     331 |     192 |  36.7
            +---------+---------+-------+---------+---------+-------
        D:1 |      59 |       0 |   0.0 |      33 |       0 |   0.0
        D:2 |     145 |      71 |  32.9 |      17 |       2 |  10.5
        D:3 |      53 |       0 |   0.0 |      11 |       0 |   0.0
        D:4 |      92 |     976 |  91.4 |      10 |      18 |  64.3
        D:5 |     587 |    1426 |  70.8 |      17 |      11 |  39.3
        D:6 |     545 |     419 |  43.5 |      14 |       5 |  26.3
        D:7 |     568 |       4 |   0.7 |      13 |       1 |   7.1
        D:8 |    1009 |       0 |   0.0 |       4 |       0 |   0.0
        D:9 |    3564 |     119 |   3.2 |      23 |       1 |   4.2
       D:10 |    2699 |    1988 |  42.4 |      12 |      11 |  47.8
       D:11 |    4247 |    1447 |  25.4 |      22 |       7 |  24.1
       D:12 |    4815 |     290 |   5.7 |      16 |       2 |  11.1
       D:14 |    2366 |    1232 |  34.2 |       5 |       1 |  16.7
       D:15 |    8070 |    3537 |  30.5 |      15 |       3 |  16.7
     Lair:1 |    3235 |    2457 |  43.2 |      12 |       4 |  25.0
     Lair:2 |    5450 |    3326 |  37.9 |      17 |      11 |  39.3
     Lair:3 |    5394 |   14997 |  73.5 |      28 |      38 |  57.6
     Lair:4 |    5397 |    4718 |  46.6 |      12 |      21 |  63.6
     Lair:5 |   17689 |   13011 |  42.4 |      50 |      48 |  49.0
      Sewer |       0 |     219 | 100.0 |       0 |       8 | 100.0
            +---------+---------+-------+---------+---------+-------
